[Event "Titled Tuesday Blitz November 15 Early 2022"]
[White "Rohith Krishna S"]
[Black "Grandelius, Nils"]
[WhiteFideId "46617051"]
[BlackFideId "1710400"]
[WhiteElo "2270"]
[BlackElo "2617"]
[Result "1/2-1/2"]
[Round "09"]
[TimeControl "180+1"]
[Date "2022.11.15"]
[WhiteClock "0:00:33"]
[BlackClock "0:00:14"]

1. d4 d5 2. c4 e6 3. Nc3 a6 4. e4 dxe4 5. Nxe4 Nf6 6. Nc3 c5 7. Nf3 cxd4 8. Nxd4 Bc5 9. Nb3 Qxd1+ 10. Nxd1 Bd6 11. Be2 Nc6 12. O-O Ke7 13. Be3 Bd7 14. Nc5 Rab8 15. Nxd7 Nxd7 16. Nc3 Bc5 17. Bf4 Nde5 18. a3 Rbd8 19. b4 Bd4 20. Rac1 Ng6 21. Bg3 h5 22. h3 h4 23. Bh2 Be5 24. Bf3 Bxh2+ 25. Kxh2 Nge5 26. Bxc6 Nxc6 27. Ne4 a5 28. b5 Ne5 29. c5 Rd5 30. a4 Nd3 31. Rc3 f5 32. c6 fxe4 33. cxb7 Rb8 34. f3 Rxb7 35. fxe4 Rd4 36. Rc8 Ne5 37. Rc5 Nd7 38. Rg5 Rxa4 39. Rxg7+ Kd8 40. Rf4 Rd4 41. Rxh4 a4 42. Rh8+ Kc7 43. Ra8 Kb6 44. h4 Nf6 45. Rg6 Rf7 46. e5 Ng4+ 47. Kg3 Ne3 48. Rxe6+ Kxb5 49. Rf6 Rg7+ 50. Kf3 Nd5 51. Rd6 Rf4+ 52. Ke2 Rxg2+ 53. Kd3 Rg3+ 54. Ke2 Rg2+ 55. Kd3 Nb4+ 56. Ke3 Rxh4 57. Rb8+ Kc4 58. e6 Rg1 59. Kf2 Rg5 60. e7 Re5 61. e8=Q Rxe8 62. Rxe8 Kb3 63. Ra8 a3 64. Rg6 Rh2+ 65. Kg1 Rd2 66. Rg3+ Nd3 67. Rb8+ Kc2 68. Rc8+ Kb1 69. Rb8+ Kc1 70. Rc8+ Kb1 71. Rb8+ Nb2 72. Rxa3 Kc1 73. Rc3+ Rc2 74. Rcb3 Kb1 75. Kf1 Ka2 76. R3b7 Kb1 77. Ke1 Kc1 78. Rd8 Rc3 79. Ke2 Nc4 80. Rc7 Rc2+ 81. Ke1 Ne3 82. Re7 Nc4 83. Rb7 Nb2 84. Rdb8 Rh2 85. Kf1 Rc2 86. Kg1 Kb1 87. Re8 Rd2 88. Re1+ Kc2 89. Rc7+ Kb3 90. Re3+ Rd3 91. Rb7+ Kc3 92. Re2 Nc4 93. Kf2 Rd2 94. Rc7 Rxe2+ 95. Kxe2 Kd4 96. Rd7+ Ke4 97. Re7+ Ne5 98. Kf2 Kd4 99. Kg3 Ke4 100. Re8 Kd4 101. Kf4 Nd3+ 102. Kf3 Ne5+ 103. Kf4 Nd3+ 104. Kf5 Nc5 105. Rd8+ Ke3 106. Ke5 Nd3+ 107. Kd5 Nf4+ 108. Kc4 Ke4 109. Re8+ Kf5 110. Kd4 Ne6+ 111. Kd5 Nc7+ 112. Kd6 Nxe8+ 1/2-1/2


[Site "https://www.chess.com"]

[Event "Titled Tuesday Blitz November 15 Early 2022"]
[White "Ronka, Erik"]
[Black "Saya, Ethan"]
[WhiteFideId "505080"]
[BlackFideId "26095181"]
[WhiteElo "2264"]
[BlackElo "2162"]
[Result "1-0"]
[Round "09"]
[TimeControl "180+1"]
[Date "2022.11.16"]
[WhiteClock "0:00:12"]
[BlackClock "0:00:07"]

1. e4 e6 2. d3 d5 3. Nd2 Nf6 4. Ngf3 c5 5. g3 Nc6 6. Bg2 Be7 7. O-O b5 8. a4 b4 9. exd5 Nxd5 10. Nc4 O-O 11. Ne3 Bf6 12. Ng4 Be7 13. Bd2 Bb7 14. c3 bxc3 15. bxc3 Rb8 16. Qc2 Ba6 17. Rfd1 Nf6 18. Nxf6+ Bxf6 19. Be3 Qa5 20. Nd2 Ne5 21. Ne4 Be7 22. Bf4 c4 23. d4 Nd3 24. Bxb8 Rxb8 25. Rab1 Rb6 26. Rxb6 axb6 27. Bf1 h6 28. f3 Bb7 29. Bxd3 cxd3 30. Rxd3 Bc6 31. c4 Qe1+ 32. Kg2 Bxe4 33. fxe4 Qxe4+ 34. Kf2 Bb4 35. Qe2 Qf5+ 36. Rf3 Qg4 37. Rf4 Qh3 38. Kg1 Bc3 39. Qe3 Bb2 40. Qf2 Qh5 41. Qxb2 Qd1+ 42. Rf1 Qxa4 43. Qf2 f6 44. c5 b5 45. c6 b4 46. c7 Qc6 47. Qf4 e5 48. dxe5 Qxc7 49. exf6 Qb7 50. f7+ Kf8 51. Qd6+ 1-0


[Site "https://www.chess.com"]

[Event "Titled Tuesday Blitz November 15 Early 2022"]
[White "Rose, Felix"]
[Black "Kaplan, Avi Harrison"]
[WhiteFideId "5105722"]
[BlackFideId "30934559"]
[WhiteElo "2039"]
[BlackElo "1983"]
[Result "1/2-1/2"]
[Round "09"]
[TimeControl "180+1"]
[Date "2022.11.16"]
[WhiteClock "0:00:20"]
[BlackClock "0:00:02"]

1. d4 Nf6 2. Bf4 c5 3. e3 Qb6 4. Nd2 d6 5. Nb3 Nbd7 6. Nf3 g6 7. h3 Bg7 8. a4 O-O 9. a5 Qc7 10. c3 e5 11. Bh2 exd4 12. cxd4 Qc6 13. Be2 Rd8 14. O-O Ne4 15. dxc5 dxc5 16. Qc2 b5 17. axb6 axb6 18. Rxa8 Qxa8 19. Nbd2 Nxd2 20. Nxd2 Bb7 21. Bf3 Ne5 22. Bxb7 Qxb7 23. Bxe5 Bxe5 24. Nf3 Bc7 25. Rd1 Rxd1+ 26. Qxd1 Qe4 27. g3 Kg7 28. b3 b5 29. Kg2 Be5 30. Qd7 c4 31. Qxb5 cxb3 32. Qxb3 Bf6 33. Qd1 h5 34. Kf1 g5 35. Ke2 g4 36. hxg4 hxg4 37. Nh2 Be5 38. Qd7 Qc4+ 39. Qd3 Qa2+ 40. Kf1 Bxg3 41. Qd4+ Kf8 42. Qc5+ Kg8 43. Qc8+ Kh7 44. Qf5+ Kh8 45. Qh5+ Kg8 46. Qxg4+ Kf8 47. Qxg3 Qa1+ 48. Kg2 Qa8+ 49. Qf3 Qa6 50. Ng4 Kg8 51. Nf6+ Kg7 52. Nh5+ Kh6 53. Nf4 Kg7 54. Qg4+ Kf8 55. e4 f5 56. Qxf5+ Kg8 57. Ne6 Qb7 58. Qg6+ Kh8 59. Qf6+ Kg8 60. Qg5+ Kh8 61. Qe5+ Kg8 62. Nf4 Qf7 63. Qg5+ Kf8 64. Ng6+ Kg8 65. Ne7+ Kf8 66. Ng6+ Kg7 67. Ne5+ Kh7 68. Nxf7 1/2-1/2


[Site "https://www.chess.com"]

[Event "Titled Tuesday Blitz November 15 Early 2022"]
[White "Rosh Jain"]
[Black "Grapsa, Georgia"]
[WhiteFideId "25789465"]
[BlackFideId "4206436"]
[WhiteElo "2233"]
[BlackElo "1877"]
[Result "0-1"]
[Round "09"]
[TimeControl "180+1"]
[Date "2022.11.16"]
[WhiteClock "0:00:01"]
[BlackClock "0:00:15"]

1. e4 d5 2. exd5 Qxd5 3. Nc3 Qa5 4. d4 Nf6 5. Nf3 c6 6. Bc4 Bf5 7. Bf4 e6 8. Qd2 Bb4 9. O-O Ne4 10. Qe3 Bxc3 11. bxc3 Qxc3 12. Qe2 Nd7 13. Bd3 Ndf6 14. Be5 O-O 15. d5 Qa5 16. dxe6 fxe6 17. Rab1 b6 18. Rfe1 Rae8 19. Bb2 Qd5 20. Bc4 Qd7 21. Ne5 Qc7 22. Nf3 Kh8 23. Be5 Qe7 24. Nd4 c5 25. Nc6 Qd7 26. Bb5 Qd5 27. Bxf6 gxf6 28. Red1 Qxa2 29. Bc4 Qa4 30. Bb5 Nc3 31. Qf3 Nxb5 32. Nxa7 Nxa7 0-1


[Site "https://www.chess.com"]

[Event "Titled Tuesday Blitz November 15 Early 2022"]
[White "Salinas Herrera, Pablo"]
[Black "Volkov, Maksim"]
[WhiteFideId "3407128"]
[BlackFideId "54123070"]
[WhiteElo "2557"]
[BlackElo "2257"]
[Result "1/2-1/2"]
[Round "09"]
[TimeControl "180+1"]
[Date "2022.11.15"]
[WhiteClock "0:00:06"]
[BlackClock "0:00:05"]

1. e4 c5 2. Nf3 d6 3. d4 cxd4 4. Nxd4 Nf6 5. Nc3 a6 6. Be2 e5 7. Nf3 Be7 8. Bg5 Be6 9. Bxf6 Bxf6 10. O-O O-O 11. Nd5 Nd7 12. Bc4 b5 13. Bb3 Qc8 14. Nxf6+ Nxf6 15. Qxd6 Bxb3 16. cxb3 Re8 17. Rfe1 Qc2 18. Nxe5 Nxe4 19. Qd4 Nf6 20. Rac1 Qf5 21. Nc6 Qg5 22. Rcd1 h5 23. h3 h4 24. a4 Nh5 25. Qg4 Qxg4 26. hxg4 Nf4 27. Kf1 g5 28. g3 hxg3 29. fxg3 Ng6 30. Rd5 Rxe1+ 31. Kxe1 Re8+ 32. Kf2 bxa4 33. bxa4 Re4 34. b3 Re6 35. Nd4 Rf6+ 36. Kg2 Kf8 37. Rxg5 Rd6 38. Nf3 Rd3 39. b4 Rb3 40. b5 a5 41. Rd5 Rb4 42. Rd4 Rb2+ 43. Kh3 Ne7 44. Ne5 f6 45. Nd7+ Kf7 46. Nc5 Ng6 47. Nd3 Rb3 48. Kg2 Ra3 49. Kf2 Ne7 50. Nf4 Ra2+ 51. Kf3 Ra3+ 52. Ke4 Rxg3 53. b6 Rb3 54. Rd7 Ke8 55. Ra7 Nc8 56. Ra8 Kd7 57. Nd5 Nxb6 58. Ra7+ Kd8 59. Nxf6 Nxa4 60. Rxa5 Nc5+ 61. Kf5 Nb7 62. Rd5+ Kc7 63. Re5 Nd6+ 64. Ke6 Nc8 65. Nd5+ Kd8 66. g5 Rg3 67. Kf5 Nd6+ 68. Kf4 Rg1 69. Re6 Kd7 70. Re7+ Kd8 71. Re6 Nf7 72. Nf6 Nxg5 73. Re3 Nf7 74. Kf5 Rf1+ 75. Ke6 Ng5+ 76. Ke5 Nf7+ 77. Ke6 Ng5+ 78. Ke5 Nf7+ 79. Ke6 1/2-1/2


[Site "https://www.chess.com"]

[Event "Titled Tuesday Blitz November 15 Early 2022"]
[White "Samunenkov, Ihor"]
[Black "Oro, Faustino"]
[WhiteFideId "14187086"]
[BlackFideId "20000197"]
[WhiteElo "2441"]
[BlackElo "2066"]
[Result "1-0"]
[Round "09"]
[TimeControl "180+1"]
[Date "2022.11.16"]
[WhiteClock "0:00:06"]
[BlackClock "0:00:02"]

1. e4 e5 2. Nf3 Nc6 3. Bb5 Nf6 4. O-O Nxe4 5. Re1 Nd6 6. Nxe5 Nxe5 7. Rxe5+ Be7 8. Bf1 O-O 9. Nc3 Bf6 10. Re1 Re8 11. Nd5 Rxe1 12. Qxe1 Ne8 13. d4 Bxd4 14. Bg5 f6 15. Bh4 Bc5 16. Qe4 Nd6 17. Nxf6+ Qxf6 18. Qd5+ Qe6 19. Qxc5 c6 20. Rd1 Ne4 21. Qe3 d5 22. Re1 Qf7 23. f3 Nd6 24. Qe5 Nf5 25. Bf2 Bd7 26. Qc7 Be6 27. Qe5 Re8 28. Bd3 Bd7 29. Qc7 Rxe1+ 30. Bxe1 Qe6 31. Bf2 Nd6 32. h3 h6 33. Qb8+ Kf7 34. Qxa7 Qe7 35. Qc5 Bf5 36. Bxf5 Nxf5 37. Qxe7+ Kxe7 38. Kf1 Kd7 39. Ke2 Ne7 40. Bd4 Nc8 41. Bxg7 h5 42. g4 hxg4 43. fxg4 Ke6 44. h4 Kf7 45. Be5 Ne7 46. h5 Ke6 47. Bd4 Kf7 48. Kf3 Nc8 49. g5 Nd6 50. g6+ Ke6 51. h6 Nf5 52. h7 Nxd4+ 53. Kg4 Nf5 54. h8=Q 1-0


[Site "https://www.chess.com"]

[Event "Titled Tuesday Blitz November 15 Early 2022"]
[White "Sanchez Enriquez, Oscar Gerardo"]
[Black "Kryakvin, Dmitry"]
[WhiteFideId "5106311"]
[BlackFideId "4153278"]
[WhiteElo "2375"]
[BlackElo "2414"]
[Result "1/2-1/2"]
[Round "09"]
[TimeControl "180+1"]
[Date "2022.11.16"]
[WhiteClock "0:00:13"]
[BlackClock "0:00:11"]

1. e4 c5 2. Nf3 d6 3. Bc4 Nc6 4. h3 Nf6 5. Qe2 e6 6. Bb3 Be7 7. O-O O-O 8. c3 d5 9. e5 Nd7 10. d4 a5 11. a3 b6 12. Rd1 Ba6 13. Qe3 Rc8 14. Nbd2 b5 15. Nf1 b4 16. axb4 cxb4 17. Ng3 bxc3 18. bxc3 Nb6 19. Qf4 f5 20. exf6 Bxf6 21. Qg4 Qd7 22. Nh5 Be2 23. Re1 Bxf3 24. gxf3 Rce8 25. Bc2 Kh8 26. Nf4 e5 27. Qxd7 Nxd7 28. Nxd5 exd4 29. Ba3 Rxe1+ 30. Rxe1 Rc8 31. Bf5 Nce5 32. Kg2 g6 33. cxd4 Nxf3 34. Kxf3 gxf5 35. Nxf6 Nxf6 36. Re5 Rc3+ 37. Re3 Rxe3+ 38. fxe3 Kg7 39. Kf4 Nd5+ 40. Kxf5 Nxe3+ 41. Ke4 Nc4 42. Bc1 a4 43. Kd5 Na5 44. Bb2 Kf7 45. Kc5 Nb3+ 46. Kb4 Ke6 47. Kxa4 Nd2 48. Kb4 Kd5 49. Kc3 Nf3 50. Kd3 Ng5 51. h4 Nf3 52. h5 Nh2 53. Bc1 Ng4 54. h6 Nf6 55. Bf4 Ke6 56. Ke3 Kf5 57. Kf3 Nd5 58. Bc1 Nf6 59. Be3 Nd5 60. Bc1 Nf6 61. Bd2 Nd5 62. Ba5 Nf6 63. Bd2 Nd5 64. Bc1 1/2-1/2


[Site "https://www.chess.com"]

[Event "Titled Tuesday Blitz November 15 Early 2022"]
[White "Sanchez, Robert"]
[Black "Gedgafov, Chamal"]
[WhiteFideId "2034360"]
[BlackFideId "34130621"]
[WhiteElo "2305"]
[BlackElo "2067"]
[Result "1-0"]
[Round "09"]
[TimeControl "180+1"]
[Date "2022.11.16"]
[WhiteClock "0:00:25"]
[BlackClock "0:00:23"]

1. e4 e6 2. d4 d5 3. Nc3 dxe4 4. Nxe4 Nd7 5. Nf3 Ngf6 6. Ng3 Bd6 7. Bd3 O-O 8. c3 b6 9. Qe2 Bb7 10. Bg5 h6 11. Be3 c5 12. O-O-O Qc7 13. Kb1 Bf4 14. Bc2 Bxe3 15. fxe3 Rfe8 16. e4 cxd4 17. cxd4 Rac8 18. Rc1 Qb8 19. e5 Nd5 20. Qd2 Rc4 21. Bh7+ Kxh7 22. Rxc4 Ba6 23. Rcc1 b5 24. Ne4 b4 25. Nd6 Rf8 26. g4 Qb6 27. h4 Qa5 28. h5 Rb8 29. Ka1 N7b6 30. Rc5 Qa4 31. Qc2+ Qxc2 32. Rxc2 b3 33. Rc5 bxa2 34. g5 Be2 35. g6+ fxg6 36. hxg6+ Kxg6 37. Rg1+ Kh7 38. Nd2 Nb4 39. Rc7 Rg8 40. N2e4 h5 41. Nf6+ Kh8 42. Nxg8 Kxg8 43. Rgxg7+ Kf8 44. Rcf7# 1-0


[Site "https://www.chess.com"]

[Event "Titled Tuesday Blitz November 15 Early 2022"]
[White "Santos Flores, Alberto"]
[Black "Thiel, Thomas"]
[WhiteFideId "3601234"]
[BlackFideId "4615964"]
[WhiteElo "2235"]
[BlackElo "2234"]
[Result "1-0"]
[Round "09"]
[TimeControl "180+1"]
[Date "2022.11.16"]
[WhiteClock "0:01:51"]
[BlackClock "0:01:11"]

1. e4 d5 2. exd5 Nf6 3. Nf3 Nxd5 4. d4 g6 5. c4 Nb6 6. Nc3 Bg7 7. Be3 O-O 8. Qd2 Nc6 9. d5 Ne5 10. Nxe5 Bxe5 11. O-O-O c6 12. dxc6 Qxd2+ 13. Rxd2 bxc6 14. Bd4 Bf4 15. Be3 Bxe3 16. fxe3 Be6 17. b3 Rad8 18. Be2 Rxd2 19. Kxd2 Rd8+ 20. Kc2 Nc8 21. Rd1 Rxd1 22. Bxd1 Nd6 23. Bf3 c5 24. Na4 Bf5+ 25. Kc1 Ne4 26. Bxe4 Bxe4 27. g3 f5 28. Nxc5 Bc6 29. b4 Kf7 30. Kd2 e5 31. b5 Ba8 32. a4 g5 33. a5 f4 34. exf4 exf4 35. gxf4 gxf4 36. b6 axb6 37. axb6 1-0


[Site "https://www.chess.com"]

[Event "Titled Tuesday Blitz November 15 Early 2022"]
[White "Santos Ruiz, Miguel"]
[Black "Jobava, Baadur"]
[WhiteFideId "22291482"]
[BlackFideId "13601520"]
[WhiteElo "2503"]
[BlackElo "2582"]
[Result "0-1"]
[Round "09"]
[TimeControl "180+1"]
[Date "2022.11.15"]
[WhiteClock "0:00:14"]
[BlackClock "0:00:27"]

1. e4 c6 2. d4 d5 3. exd5 cxd5 4. Nf3 Nc6 5. c3 Bg4 6. h3 Bxf3 7. Qxf3 e6 8. Bd3 g6 9. a4 Bh6 10. Bxh6 Nxh6 11. O-O Ng8 12. Nd2 Nge7 13. Qe2 Qc7 14. Nf3 O-O 15. Rfe1 Rae8 16. h4 Nc8 17. Ne5 Nd6 18. h5 Qd8 19. Qg4 f5 20. Qg3 g5 21. Re2 Nxe5 22. Qxe5 f4 23. Rae1 Nf7 24. Qxe6 Rxe6 25. Rxe6 Nd6 26. R1e5 Nf7 27. Re1 g4 28. Re7 Qb6 29. b4 Ng5 30. R1e5 Qf6 31. Rxb7 g3 32. Rxd5 f3 33. Rf5 Re8 34. Rxf6 Re1+ 35. Bf1 Nh3+ 36. gxh3 g2 37. Kh2 gxf1=Q 0-1


[Site "https://www.chess.com"]

[Event "Titled Tuesday Blitz November 15 Early 2022"]
[White "Saravana, Krishnan P."]
[Black "Vifleemskaia, Svetlana"]
[WhiteFideId "5018382"]
[BlackFideId "4129490"]
[WhiteElo "2155"]
[BlackElo "1929"]
[Result "1-0"]
[Round "09"]
[TimeControl "180+1"]
[Date "2022.11.16"]
[WhiteClock "0:01:15"]
[BlackClock "0:01:10"]

1. d4 Nf6 2. c4 e6 3. Nc3 Bb4 4. Qc2 d5 5. Bg5 O-O 6. e3 h6 7. Bxf6 Qxf6 8. Nf3 c5 9. a3 Bxc3+ 10. bxc3 dxc4 11. Bxc4 cxd4 12. exd4 b6 13. Qe4 Ba6 14. Qxa8 Bxc4 15. Ne5 Bd5 16. Qxa7 Bxg2 17. Rg1 Nc6 18. Qc7 Nxe5 19. Qxe5 Qf3 20. Qg3 Qxg3 21. hxg3 Bf3 22. Kd2 Ra8 23. Rgb1 Ra6 24. a4 Bc6 25. c4 Bxa4 26. Rb4 b5 27. Kc3 Kf8 28. Kb2 Rb6 29. Raxa4 1-0


[Site "https://www.chess.com"]

[Event "Titled Tuesday Blitz November 15 Early 2022"]
[White "Sargsyan, Anna M."]
[Black "Artemenko, Oleg"]
[WhiteFideId "13308130"]
[BlackFideId "14201798"]
[WhiteElo "2284"]
[BlackElo "2287"]
[Result "1-0"]
[Round "09"]
[TimeControl "180+1"]
[Date "2022.11.16"]
[WhiteClock "0:00:05"]
[BlackClock "0:00:10"]

1. d4 e6 2. e4 d5 3. Nc3 Nf6 4. e5 Nfd7 5. f4 c5 6. Nf3 Nc6 7. Be3 Qb6 8. Na4 Qa5+ 9. c3 b6 10. Kf2 cxd4 11. cxd4 b5 12. Nc3 b4 13. Ne2 Qb6 14. f5 Be7 15. Nf4 Nd8 16. Bd3 Ba6 17. h4 Rc8 18. Ng5 Bxd3 19. Qxd3 g6 20. fxe6 Nxe6 21. Nxd5 Qb7 22. Nxe7 Kxe7 23. Ne4 Qd5 24. Bg5+ Nxg5 25. Nxg5 h6 26. Nf3 Nc5 27. Qe3 Ne4+ 28. Kg1 Rc2 29. Re1 Ng3 30. Rh3 Nf5 31. Qf4 Rhc8 32. h5 Rxb2 33. hxg6 fxg6 34. Rxh6 Nxh6 35. Qxh6 Rcc2 36. Qg5+ Kd7 37. Nh4 Qxd4+ 38. Kh2 Qd2 39. Qg4+ Kc7 40. Re4 Qh6 41. e6 Rxg2+ 42. Qxg2 Rxg2+ 43. Kxg2 Qg5+ 44. Kf3 Qe7 45. Nxg6 Qf6+ 46. Nf4 Kd8 47. e7+ Ke8 48. Ke3 Qc3+ 49. Nd3 a5 50. Ke2 Qc2+ 51. Ke3 Qxa2 52. Nf4 Qb3+ 53. Kf2 Qb2+ 54. Kf3 Qf6 55. Re6 Qc3+ 56. Ke4 Qc4+ 57. Kf5 b3 58. Nh5 b2 59. Nf6+ Kf7 60. e8=Q+ Kg7 61. Qg8+ Kh6 62. Qg6# 1-0


[Site "https://www.chess.com"]

[Event "Titled Tuesday Blitz November 15 Early 2022"]
[White "Sarkar, Justin"]
[Black "Abhishek, Das"]
[WhiteFideId "2010011"]
[BlackFideId "5013348"]
[WhiteElo "2239"]
[BlackElo "2230"]
[Result "1/2-1/2"]
[Round "09"]
[TimeControl "180+1"]
[Date "2022.11.16"]
[WhiteClock "0:00:33"]
[BlackClock "0:02:06"]

1. d4 d5 2. c4 c6 3. Nf3 Nf6 4. Nc3 g6 5. Qb3 Bg7 6. cxd5 cxd5 7. Bg5 e6 8. e3 O-O 9. Bd3 b6 10. Ne5 Ba6 11. Bxa6 Nxa6 12. O-O h6 13. Bxf6 Bxf6 14. f4 Nc7 15. Rac1 Ne8 16. Qc2 Nd6 17. Qd3 a6 18. g3 b5 19. h4 h5 20. Nxg6 fxg6 21. Qxg6+ Kh8 22. Qh6+ Kg8 23. Qg6+ Kh8 24. Qh6+ Kg8 25. Qg6+ 1/2-1/2


[Site "https://www.chess.com"]

[Event "Titled Tuesday Blitz November 15 Early 2022"]
[White "Sharifov, Mekhriddin"]
[Black "Bluebaum, Matthias"]
[WhiteFideId "14701545"]
[BlackFideId "24651516"]
[WhiteElo "2109"]
[BlackElo "2633"]
[Result "0-1"]
[Round "09"]
[TimeControl "180+1"]
[Date "2022.11.15"]
[WhiteClock "0:00:01"]
[BlackClock "0:02:00"]

1. e4 e6 2. d4 d5 3. Nc3 Nf6 4. Bg5 dxe4 5. Nxe4 Be7 6. Bxf6 gxf6 7. Nf3 f5 8. Nc3 a6 9. g3 b5 10. Bg2 Bb7 11. O-O O-O 12. Qe2 c5 13. dxc5 Bxc5 14. Rad1 Qc7 15. Ne5 Bxg2 16. Kxg2 Bd6 17. Rfe1 Nc6 18. Nxc6 Qxc6+ 19. Qf3 Rac8 20. Re2 Rc7 21. a3 Rfc8 22. Rd3 Bf8 23. Qxc6 Rxc6 24. h4 h6 25. h5 Bg7 26. Ree3 Bf6 27. Kh3 Rc4 28. f3 Bd4 29. Re2 Bxc3 30. bxc3 Rxc3 31. Red2 Rxc2 32. Rxc2 Rxc2 33. Rd6 Rc3 34. Rxa6 Rxf3 35. Kg2 Rb3 36. Rb6 Kg7 0-1


[Site "https://www.chess.com"]

[Event "Titled Tuesday Blitz November 15 Early 2022"]
[White "Shuvalov, Evgenij"]
[Black "Sariego Figueredo, Wilfredo"]
[WhiteFideId "4187237"]
[BlackFideId "3500080"]
[WhiteElo "2049"]
[BlackElo "2309"]
[Result "1-0"]
[Round "09"]
[TimeControl "180+1"]
[Date "2022.11.16"]
[WhiteClock "0:01:04"]
[BlackClock "0:00:03"]

1. d4 d5 2. c4 c6 3. Nf3 Nf6 4. Nc3 a6 5. e3 b5 6. b3 Bb7 7. a4 dxc4 8. bxc4 e6 9. axb5 Bb4 10. Bd2 axb5 11. Rxa8 Bxa8 12. cxb5 cxb5 13. Bxb5+ Nbd7 14. Qa4 Bxc3 15. Bxc3 Bxf3 16. gxf3 O-O 17. O-O Nd5 18. Bd2 N7b6 19. Qb3 Qg5+ 20. Kh1 Qh5 21. Be2 Nd7 22. e4 N5f6 23. Qe3 e5 24. d5 Ne8 25. Qg5 Qh3 26. Qg4 Qxg4 27. fxg4 Nef6 28. f3 h6 29. h4 Rc8 30. Rc1 Rb8 31. Bd3 Rb3 32. Rc3 Rb2 33. Rc2 Rb3 34. Be2 Rb1+ 35. Kg2 Nf8 36. h5 N8d7 37. Be3 Re1 38. Kf2 Rh1 39. Bf1 Rh2+ 40. Bg2 1-0


[Site "https://www.chess.com"]

[Event "Titled Tuesday Blitz November 15 Early 2022"]
[White "Shuvalova, Polina"]
[Black "Donchenko, Alexander"]
[WhiteFideId "24171760"]
[BlackFideId "24603295"]
[WhiteElo "2342"]
[BlackElo "2572"]
[Result "1-0"]
[Round "09"]
[TimeControl "180+1"]
[Date "2022.11.16"]
[WhiteClock "0:00:05"]
[BlackClock "0:00:02"]

1. d4 d5 2. Nf3 Nf6 3. Bf4 c5 4. e3 cxd4 5. exd4 Qb6 6. Qc1 Bd7 7. Nbd2 e6 8. c3 Be7 9. a4 O-O 10. Bd3 Nc6 11. O-O Rfc8 12. Qb1 h6 13. h3 Be8 14. Re1 Qd8 15. Ne5 Nxe5 16. Bxe5 Nd7 17. Bg3 Nf8 18. Nf3 Bd6 19. Bxd6 Qxd6 20. Qc1 Rab8 21. Qe3 a5 22. Ne5 Qc7 23. g3 b5 24. axb5 Bxb5 25. Bxb5 Rxb5 26. Ra2 Rcb8 27. Nd3 Nd7 28. Rea1 Nb6 29. Qe2 Nc4 30. h4 Rb3 31. Kg2 Qd8 32. Kh2 Qf6 33. Kg2 Qf5 34. Re1 R8b5 35. g4 Qf6 36. h5 Qd8 37. Rea1 Qb6 38. Qf3 Nxb2 39. Ne5 Qc7 40. Rxa5 Rxa5 41. Rxa5 Rb8 42. Rc5 Qb7 43. Qf4 Rf8 44. Qg3 Na4 45. Ra5 Nb6 46. Rb5 Qc7 47. Qf3 Nc4 48. Rc5 Nxe5 49. Rxc7 Nxf3 50. Kxf3 Ra8 51. Kf4 Ra2 52. f3 Rc2 53. Rc8+ Kh7 54. Rc7 g5+ 55. hxg6+ Kxg6 56. Ke3 Rc1 57. Kd2 Rf1 58. Ke2 Ra1 59. Ke3 Ra4 60. Kf4 Ra3 61. Rc6 h5 62. gxh5+ Kxh5 63. Ke5 Kg6 64. f4 Kg7 65. f5 exf5 66. Kxd5 f6 67. Ke6 Kg6 68. d5 f4 69. d6 f3 70. d7 f2 71. d8=Q f1=Q 72. Qg8+ Kh6 73. Qh8+ Kg6 74. Qg8+ Kh6 75. Qf8+ Kg6 76. Qf7+ Kh6 77. Qf8+ Kg6 78. Qf7+ Kh6 79. Qxf6+ Qxf6+ 80. Kxf6 Ra2 81. c4 Rd2 82. Rc8 Kh7 83. c5 1-0


[Site "https://www.chess.com"]

[Event "Titled Tuesday Blitz November 15 Early 2022"]
[White "Sipila, Vilka"]
[Black "Ibarra Jerez, Jose Carlos"]
[WhiteFideId "505455"]
[BlackFideId "2226332"]
[WhiteElo "2347"]
[BlackElo "2638"]
[Result "0-1"]
[Round "09"]
[TimeControl "180+1"]
[Date "2022.11.15"]
[WhiteClock "0:00:23"]
[BlackClock "0:00:09"]

1. d4 Nf6 2. Bf4 g6 3. Nf3 Bg7 4. e3 O-O 5. Be2 d6 6. h3 c5 7. O-O Be6 8. c3 Qb6 9. Qc1 Nc6 10. Nbd2 Rac8 11. dxc5 Qxc5 12. a4 Qb6 13. Qb1 h6 14. Bh2 Bf5 15. e4 Nxe4 16. Nxe4 d5 17. a5 Nxa5 18. Qa2 dxe4 19. Qxa5 exf3 20. Bxf3 Qxb2 21. Qxa7 Qxc3 22. Qxb7 Qxa1 23. Rxa1 Bxa1 24. g4 Rc1+ 25. Kg2 Bd3 26. Bf4 Re1 27. Qb4 Rb1 28. Qxe7 Bf1+ 29. Kh2 Bg7 30. Bd5 Rd1 31. Ba2 Rd3 32. Bd6 Rf3 33. Bd5 Rxf2+ 34. Kg1 Rd2 35. Qb7 Bxh3 36. Bxf8 Bd4+ 37. Kh1 Rf2 38. Bxh6 Be5 39. Be3 Rf1+ 40. Bg1 Bxg4 41. Kg2 Rf5 42. Be3 Bh5 43. Be4 Rf6 44. Bg5 Re6 45. Bd5 Bg4 46. Qb4 Bf5 47. Bh6 Re8 48. Qb7 Be6 49. Bc6 Rb8 50. Qa7 Rc8 51. Qa6 Rb8 52. Be4 Rb2+ 53. Kh1 Ra2 54. Qb5 Rh2+ 55. Kg1 Rh5 56. Qxe5 Rxe5 57. Bf3 g5 0-1


[Site "https://www.chess.com"]

[Event "Titled Tuesday Blitz November 15 Early 2022"]
[White "Smietanska, Wiktoria"]
[Black "Adel, Sara"]
[WhiteFideId "21869359"]
[BlackFideId "10616764"]
[WhiteElo "1695"]
[BlackElo "1994"]
[Result "1-0"]
[Round "09"]
[TimeControl "180+1"]
[Date "2022.11.16"]
[WhiteClock "0:01:38"]
[BlackClock "0:01:58"]

1. c4 Nf6 2. Nc3 g6 3. g3 Bg7 4. Bg2 e5 5. e3 d6 6. Nge2 O-O 7. O-O Ne8 8. d4 f5 9. Qb3 Kh8 10. Bxb7 Bxb7 11. Qxb7 Nd7 12. Qg2 g5 13. d5 f4 14. exf4 gxf4 15. f3 fxg3 16. Nxg3 Rg8 17. Nce4 Nef6 18. Qh3 Nxe4 19. fxe4 Bf6 20. Kh1 Qf8 21. Qxd7 Qg7 22. Qxg7+ Bxg7 23. Nf5 Raf8 24. Be3 Bf6 25. Bh6 Rb8 26. b3 Rg4 27. Ne3 Rxe4 28. Rxf6 Rh4 29. Nf5 Rh5 30. Bg7+ Kg8 31. Rg1 Re8 32. Nh6+ 1-0


[Site "https://www.chess.com"]

[Event "Titled Tuesday Blitz November 15 Early 2022"]
[White "Sowul, Bartosz"]
[Black "Deuer, Marius"]
[WhiteFideId "1137590"]
[BlackFideId "16236432"]
[WhiteElo "2188"]
[BlackElo "2226"]
[Result "0-1"]
[Round "09"]
[TimeControl "180+1"]
[Date "2022.11.16"]
[WhiteClock "0:00:04"]
[BlackClock "0:00:28"]

1. e4 e5 2. Nf3 Nc6 3. Bb5 a6 4. Bxc6 dxc6 5. O-O f6 6. d4 exd4 7. Nxd4 Bc5 8. Nb3 Qxd1 9. Rxd1 Bd6 10. Na5 Ne7 11. Nc4 Bc5 12. Bf4 Be6 13. Nba3 b5 14. Na5 Bb6 15. b4 c5 16. c3 Bxa5 17. bxa5 Rc8 18. Nc2 Nc6 19. Ne3 Nxa5 20. Nd5 Bxd5 21. Rxd5 Nb7 22. Rad1 c6 23. Rd7 Rd8 24. Rxd8+ Nxd8 25. Be3 Nb7 26. Bf4 Ke7 27. Bc7 Rc8 28. Bb6 c4 29. f3 c5 30. Kf2 Rc6 31. Ba7 a5 0-1


[Site "https://www.chess.com"]

[Event "Titled Tuesday Blitz November 15 Early 2022"]
[White "Sreyas Payyappat"]
[Black "Skliarov, Viktor"]
[WhiteFideId "46674969"]
[BlackFideId "14106736"]
[WhiteElo "2083"]
[BlackElo "2284"]
[Result "1-0"]
[Round "09"]
[TimeControl "180+1"]
[Date "2022.11.16"]
[WhiteClock "0:00:06"]
[BlackClock "0:00:03"]

1. e4 c5 2. Nf3 Nc6 3. d4 cxd4 4. Nxd4 Nf6 5. Nc3 e5 6. Ndb5 d6 7. Bg5 a6 8. Na3 b5 9. Nd5 Be7 10. Bxf6 Bxf6 11. c4 b4 12. Nc2 a5 13. g3 Bg5 14. Bg2 O-O 15. O-O Nb8 16. f4 Bh6 17. Nce3 Na6 18. Nf5 Bxf5 19. exf5 Rb8 20. f6 exf4 21. Qg4 Re8 22. Ne7+ Rxe7 23. fxe7 Qxe7 24. Rae1 Qa7+ 25. Kh1 Nc5 26. Bd5 Rf8 27. Qf3 a4 28. gxf4 b3 29. axb3 axb3 30. f5 Bg5 31. f6 Bxf6 32. Qh5 Kh8 33. Re3 Ne6 34. Rh3 Ng5 35. Rg3 Qe7 36. h4 Ne4 37. Bxe4 Qxe4+ 38. Qf3 Qxc4 39. Rg4 Qe6 40. Qg3 Be5 41. Qg2 f5 42. Rg5 g6 43. h5 Rg8 44. hxg6 hxg6 45. Rg1 Bf4 46. Qh3+ Kg7 47. Rxg6+ Qxg6 48. Rxg6+ Kxg6 49. Qxb3 Rh8+ 50. Kg1 Be5 51. Qe6+ Kg5 52. b4 Rb8 53. Qe7+ Kf4 54. Qh7 Rb6 55. Qh4+ Kf3 56. Kf1 f4 57. Qf2+ Ke4 58. Qxb6 Kf5 59. Qb7 1-0


[Site "https://www.chess.com"]